Map: [TLMC15] Glittering Ashes

Players

Cure

  • Race: Terran Terran

Zest - Winner!

  • Race: Protoss Protoss

Event: DreamHack SC2 Masters Last Chance 2022

VOD

Have the link to the VOD?

Description

Time

  • Played on: Jan. 15, 2022, 10:06 a.m.
  • Length: 11:53

All games in this series

Show
View Real Time Build Order
Export as new Build Order

Cure Terran 

Build Orders:  

Get SALT Encoding   

  12  0:00  SCV  
  13  0:12  SCV  
  14  0:17  Supply Depot  
  14  0:24  SCV  
  15  0:39  SCV  
  15  0:40  Barracks  
  15  0:42  Refinery  
  16  0:51  SCV  
  17  1:03  SCV  
  18  1:15  SCV  
  19  1:27  Orbital Command  
  20  1:34  Command Center  
  20  1:37  Marine  
  20  1:48  Factory  
  20  1:53  SCV  
  21  1:58  Refinery  
  21  2:02  Barracks Reactor  
  21  2:05  SCV  
  22  2:09  Supply Depot  
  22  2:17  SCV  
  23  2:30  SCV  
  23  2:32  Starport  
  23  2:33  Hellion  
  26  2:38  Marine x2  
  26  2:43  SCV  
  29  2:48  Orbital Command  
  29  2:55  SCV  
  29  2:56  Widow Mine  
  32  3:00  Marine x2  
  34  3:07  SCV  
  34  3:09  Medivac  
  37  3:18  Marine x2  
  39  3:22  SCV x2  
  39  3:25  Factory Tech Lab  
  40  3:31  Supply Depot  
  40  3:34  SCV x2  
  40  3:39  Marine x2  
  44  3:46  SCV x2  
  43  3:56  Bunker  
  43  3:57  Marine x2  
  43  4:00  Viking  
  43  4:02  SCV x2  
  47  4:08  Barracks  
  47  4:09  Barracks  
  43  4:15  Marine x2  
  43  4:17  SCV  
  43  4:23  SCV  
  43  4:29  SCV  
  42  4:32  Marine  
  42  4:33  Marine  
  42  4:35  SCV  
  42  4:41  SCV, Factory Tech Lab  
  41  4:47  SCV  
  41  4:49  Viking  
  41  4:50  Marine x2  
  41  4:52  Supply Depot  
  46  4:53  SCV  
  46  4:54  Engineering Bay  
  46  4:59  SCV  
  48  5:01  Marine  
  48  5:02  Stimpack  
  48  5:05  SCV, Marine  
  51  5:08  Factory Reactor  
  51  5:10  Marine x2  
  51  5:11  Supply Depot  
  51  5:13  SCV  
  54  5:17  SCV  
  54  5:20  Terran Infantry Weapons Level 1  
  54  5:21  Medivac, Marine  
  55  5:25  SCV  
  55  5:26  Refinery  
  55  5:28  Marine x2  
  61  5:31  SCV  
  61  5:34  Supply Depot  
  62  5:37  Marauder  
  62  5:38  SCV  
  62  5:39  Marauder  
  67  5:44  Missile Turret  
  67  5:46  Marine x2  
  69  5:57  SCV  
  70  5:58  SCV  
  70  6:00  Factory Tech Lab  
  70  6:03  Marauder x2  
  71  6:06  Medivac x2  
  71  6:07  Marine x2  
  76  6:14  Supply Depot  
  76  6:16  SCV x2  
  74  6:32  Marauder, Marine  
  73  6:33  Marine x2  
  72  6:41  Combat Shield  
  72  6:46  Siege Tank  
  72  6:50  SCV  
  73  7:00  Marine x3  
  69  7:05  Marine  
  69  7:07  SCV  
  71  7:09  SCV  
  72  7:19  SCV  
  72  7:21  SCV  
  70  7:31  Marauder, Barracks Tech Lab, SCV, Marine  
  70  7:32  Marine  
  70  7:33  SCV  
  74  7:37  Refinery  
  74  7:43  SCV  
  75  7:45  SCV  
  75  7:48  Supply Depot  
  74  7:53  Marauder x2, Marine x2  
  74  7:54  Concussive Shells  
  74  7:57  SCV  
  74  7:58  SCV  
  82  7:59  Factory Reactor  
  82  8:02  Medivac  
  84  8:11  Command Center  
  84  8:16  Marine x2  
  84  8:17  Marauder x2  
  84  8:19  SCV x2  
  90  8:27  Missile Turret  
  90  8:31  SCV  
  91  8:34  Marine x2  
  91  8:37  Widow Mine  
  91  8:38  Marauder x2  
  91  8:39  Widow Mine  
  101  8:49  Supply Depot, Medivac x2  
  100  8:58  Marine x2  
  100  8:59  Marauder x2  
  100  9:00  Widow Mine  
  107  9:03  Terran Infantry Armor Level 1  
  95  9:18  Marine x2  
  95  9:19  Widow Mine  
  95  9:21  Marauder x2  
  95  9:22  Widow Mine  
  105  9:26  Orbital Command  
  105  9:38  Marine x2  
  107  9:42  Marauder x2  
  107  9:45  Widow Mine x2, Medivac x2  
  119  9:53  Barracks  
  119  9:58  Barracks  
  119  10:13  Orbital Command  
  109  10:16  Marauder x2, Marine x2  
  109  10:17  Widow Mine x2, Medivac x2  
  109  10:18  SCV x2  
  118  10:27  Armory  
  118  10:28  Engineering Bay  
  118  10:30  SCV x2  
  120  10:37  Marauder, Marine x2  
  120  10:40  SCV  
  125  10:42  SCV  
  125  10:45  Barracks Reactor  
  125  10:48  SCV  
  123  10:52  SCV  
  123  10:55  SCV, Refinery  
  123  10:56  Refinery  
  125  11:01  Supply Depot  
  125  11:03  Marauder x2, Supply Depot  
  129  11:06  Marauder, Marine  
  129  11:08  Marine  
  133  11:23  SCV x3  
  133  11:27  Marauder x2  
Show
View Real Time Build Order
Export as new Build Order

Zest Protoss - Winner!

Build Orders: 1 Gate Expand, Oracle Opening 

Get SALT Encoding   

  12  0:00  Probe  
  13  0:12  Probe  
  14  0:18  Pylon  
  14  0:24  Probe (Chrono Boost)  
  15  0:36  Probe (Chrono Boost)  
  15  0:37  Gateway  
  16  0:45  Probe (Chrono Boost)  
  16  0:46  Assimilator  
  17  0:51  Probe  
  18  1:03  Probe  
  19  1:15  Probe  
  20  1:25  Cybernetics Core  
  20  1:33  Nexus  
  20  1:36  Probe  
  21  1:44  Pylon  
  21  1:48  Probe  
  21  1:51  Assimilator  
  22  1:59  Stalker (Chrono Boost)  
  22  2:01  Probe  
  25  2:13  Probe  
  26  2:21  Stargate  
  26  2:23  Adept (Chrono Boost)  
  26  2:25  Probe  
  29  2:35  Warp Gate  
  29  2:37  Probe  
  30  2:46  Probe  
  30  2:49  Adept, Probe  
  34  2:58  Probe  
  35  3:01  Probe  
  35  3:04  Oracle (Chrono Boost)  
  36  3:10  Probe  
  40  3:13  Probe  
  41  3:22  Probe  
  41  3:25  Probe  
  43  3:30  Pylon  
  43  3:31  Twilight Council  
  43  3:34  Probe  
  43  3:36  Gateway x2  
  43  3:37  Probe  
  45  3:46  Probe  
  46  3:49  Probe  
  46  3:54  Void Ray (Chrono Boost)  
  43  3:58  Probe  
  46  4:03  Shield Battery  
  46  4:08  Assimilator  
  46  4:18  Nexus  
  46  4:24  Stalker  
  46  4:25  Probe x2  
  46  4:28  Pylon  
  50  4:35  Blink (Chrono Boost)  
  48  4:45  Pylon  
  48  4:46  Probe  
  48  4:48  Stalker  
  48  4:49  Stalker  
  48  4:51  Pylon  
  48  4:52  Probe  
  54  4:55  Pylon  
  54  5:03  Stalker, Probe  
  54  5:05  Probe  
  58  5:09  Shield Battery  
  58  5:15  Probe  
  58  5:16  Stalker x2  
  58  5:17  Probe  
  58  5:19  Pylon  
  64  5:27  Stalker  
  67  5:28  Probe (Chrono Boost)  
  67  5:30  Probe (Chrono Boost), Shield Battery  
  67  5:31  Probe (Chrono Boost)  
  67  5:35  Forge  
  70  5:43  Stalker, Probe (Chrono Boost)  
  70  5:44  Stalker  
  70  5:49  Probe x2 (Chrono Boost)  
  77  5:50  Probe (Chrono Boost)  
  77  5:53  Stalker  
  79  5:57  Probe  
  79  5:58  Probe  
  81  6:06  Protoss Ground Weapons Level 1 (Chrono Boost)  
  81  6:07  Stalker x2  
  81  6:08  Probe  
  86  6:11  Charge (Chrono Boost)  
  86  6:12  Probe, Pylon  
  86  6:14  Probe  
  88  6:20  Probe  
  87  6:29  Stalker  
  87  6:30  Probe x2  
  87  6:32  Stalker x2  
  91  6:34  Probe  
  92  6:42  Probe x2  
  92  6:46  Gateway, Probe  
  95  6:47  Gateway  
  95  6:48  Gateway  
  95  6:49  Gateway  
  95  6:52  Pylon  
  95  6:54  Assimilator, Probe  
  95  6:59  Assimilator  
  95  7:00  Probe  
  91  7:02  Stalker  
  91  7:03  Stalker x2  
  91  7:06  Gateway  
  91  7:07  Gateway  
  97  7:11  Robotics Facility  
  97  7:18  Gateway  
  93  7:37  Sentry x3  
  93  7:40  Photon Cannon  
  93  7:41  Shield Battery  
  99  7:47  Photon Cannon  
  99  7:48  Pylon  
  99  7:51  Zealot x4  
  107  7:58  Pylon  
  107  7:59  Observer (Chrono Boost)  
  107  8:01  Protoss Ground Armor Level 1 (Chrono Boost), Robotics Bay  
  107  8:04  Assimilator  
  107  8:05  Robotics Facility  
  108  8:24  Immortal (Chrono Boost)  
  112  8:29  Zealot x6  
  124  8:34  Pylon  
  124  8:35  Pylon  
  124  8:38  Pylon  
  124  8:42  Shield Battery  
  121  8:56  Zealot x2  
  121  8:57  Zealot x5  
  121  8:59  Colossus (Chrono Boost)  
  139  9:18  Extended Thermal Lance  
  139  9:19  Robotics Facility, Nexus  
  139  9:22  Pylon  
  139  9:25  Pylon  
  139  9:33  Robotics Facility  
  139  9:35  Forge  
  139  9:37  Probe  
  139  9:38  Probe x2  
  142  9:40  Pylon  
  142  9:42  Pylon  
  142  9:49  Colossus (Chrono Boost)  
  142  9:50  Probe  
  143  9:55  Pylon  
  141  10:17  Colossus (Chrono Boost)  
  143  10:23  Stalker x10  
  143  10:28  Warp Prism (Chrono Boost)  
  163  10:30  Colossus (Chrono Boost)  
  169  10:48  Sentry x3  
  172  10:57  Stalker x3, Zealot x4  
  172  11:01  Pylon  
  172  11:02  Observer (Chrono Boost)  
  185  11:13  Templar Archives  
  183  11:31  Zealot x7  
  183  11:32  Zealot x3  

Tags
 
Add a new tag
Caveats
  • Supply blocks, unpowered buildings, or Contaminate may cause inaccurate times.
  • Supply counts are checked every 10 seconds.